 Dungeon Crawl Stone Soup version 0.29-a0-341-g24ffce5b50 (webtiles) character file.

Game seed: 12682854159591101037

205566 Jortsu the Fencer (level 18, -5/185 HPs)
             Began as a Troll Fighter on Apr 20, 2022.
             Was a Plaything of Xom.
             Slain by a wolf spider (8 damage)
             ... summoned by a broodmother
             ... while paralysed by you
             ... on level 3 of the Spider Nest.
             The game lasted 01:31:09 (27979 turns).

Jortsu the Fencer (Troll Fighter)                  Turns: 27979, Time: 01:31:09

Health: -5/185     AC: 31    Str: 39      XL:     18   Next: 42%
Magic:  26/26      EV:  1    Int:  9 (10) God:    Xom [......]
Gold:   5324       SH:  0    Dex: 13      Spells: 17/17 levels left

rFire   + + +      SeeInvis .   p - +3 demon blade of Dominance {venom, rElec Int+4}
rCold   + + +      Faith    .   T - +4 kite shield "Ulatoc" {MP+9 Slay+4}
rNeg    + + .      Spirit   .   d - +6 gold dragon scales of the Skies Above {rPois rF+ rC+ rN++ rCorr Int+2 Slay+3}
rPois   +          Reflect  +   n - +1 hat of the Loofah {+Inv Slay+3 Stlth+}
rElec   +          Harm     .   A - scarf {rC+ rF+}
rCorr   +          Rampage  .   (gloves unavailable)
Will    +++..                   (boots unavailable)
Stlth   ..........              w - amulet "Unitiros" {Reflect rPois Regen+ SH+5}
HPRegen 2.00/turn               k - +6 ring of strength
MPRegen 0.20/turn               X - ring "Nemafes" {rElec rPois rF+ rC+ Will++}

@: paralysed, agile, hasted and slowed, invisible
A: large, unfitting armour, claws 3, regeneration 1, shaggy fur 1, tough skin 1,
hooves 2, horns 1, iridescent scales 2, agile 1, fire resistance 1, sense
surroundings 1, electricity resistance, wild magic 1
a: Renounce Religion, Evoke Invisibility


You were on level 3 of the Spider Nest.
You worshipped Xom.
You were a very special plaything of Xom.
You visited 5 branches of the dungeon, and saw 29 of its levels.
You also visited: Trove, Sewer, Bailey and Ice Cave.

You collected 5908 gold pieces.
You spent 584 gold pieces at shops.

Inventory:

Hand Weapons
 p - the +3 demon blade of Dominance (weapon) {venom, rElec Int+4}
   (You acquired it in a sewer)

   It poisons the flesh of those it strikes.
   Int:       It affects your intelligence (+4).
   rElec:     It insulates you from electricity.
 y - a +3 giant spiked club of flaming
Missiles
 e - 28 large rocks (quivered)
Armour
 d - the +6 gold dragon scales of the Skies Above (worn) {rPois rF+ rC+ rN++ rCorr Int+2 Slay+3}
   (You acquired it in a bailey)

   Int:       It affects your intelligence (+2).
   Slay:      It affects your accuracy & damage with ranged weapons and melee
   (+3).
   rF:        It protects you from fire.
   rC:        It protects you from cold.
   rPois:     It protects you from poison.
   rN:        It greatly protects you from negative energy.
   rCorr:     It protects you from acid and corrosion.
 n - the +1 hat of the Loofah (worn) {+Inv Slay+3 Stlth+}
   (You found it in a treasure trove)

   Slay:      It affects your accuracy & damage with ranged weapons and melee
   (+3).
   +Inv:      It lets you turn invisible.
   Stlth:     It makes you more stealthy.
 A - a scarf of resistance (worn)
 T - the +4 kite shield "Ulatoc" (worn) {MP+9 Slay+4}
   (You found it on level 6 of the Lair of Beasts)

   Slay:      It affects your accuracy & damage with ranged weapons and melee
   (+4).
   MP:        It affects your magic capacity (+9).
 V - the +2 shield of Resistance {rF++ rC++ Will++}
   (You found it on level 3 of the Elven Halls)

   rF:        It greatly protects you from fire.
   rC:        It greatly protects you from cold.
   Will:      It greatly increases your willpower.
 Y - the +3 crown of Dyrovepreva {rElec Int+2 SInv}
   (You found it in a treasure trove)

   Int:       It affects your intelligence (+2).
   rElec:     It insulates you from electricity.
   SInv:      It lets you see invisible.
Jewellery
 a - a +4 ring of evasion
 k - a +6 ring of strength (left claw)
 l - the amulet "Yskewkac" {RegenMP +Inv rPois Regen+ Str+4}
   (You acquired it in a sewer)

   [amulet of magic regeneration]

   It increases your rate of magic regeneration.
   Str:       It affects your strength (+4).
   rPois:     It protects you from poison.
   +Inv:      It lets you turn invisible.
   Regen:     It increases your rate of health regeneration.
 w - the amulet "Unitiros" (around neck) {Reflect rPois Regen+ SH+5}
   (You found it on level 3 of the Elven Halls)

   [amulet of reflection]

   It reflects blocked missile attacks.
   rPois:     It protects you from poison.
   Regen:     It increases your rate of health regeneration.
   SH:        It affects your SH (+5).
 D - a ring of see invisible
 M - the necklace of Bloodlust {*Rage Will++ Int-3 Slay+6}
   (You found it on level 9 of the Dungeon)

   [amulet of nothing]

   It extends the wearer's berserk rage when killing foes.
   Int:       It affects your intelligence (-3).
   Slay:      It affects your accuracy & damage with ranged weapons and melee
   (+6).
   *Rage:     It berserks you when you make melee attacks (+50% chance).
   Will:      It greatly increases your willpower.
 X - the ring "Nemafes" (right claw) {rElec rPois rF+ rC+ Will++}
   (You found it in an ice cave)

   [ring of protection from cold]

   rF:        It protects you from fire.
   rC:        It protects you from cold.
   rElec:     It insulates you from electricity.
   rPois:     It protects you from poison.
   Will:      It greatly increases your willpower.
Wands
 v - a wand of paralysis (22)
 B - a wand of polymorph (10)
 C - a wand of acid (49)
 I - a wand of flame (47)
 J - a wand of digging (7)
 O - a wand of iceblast (14)
Scrolls
 c - a scroll of immolation
 f - 3 scrolls of summoning
 j - 2 scrolls of vulnerability
 q - 3 scrolls of fog
 r - 6 scrolls of fear
 t - 7 scrolls of enchant armour
 x - 2 scrolls of brand weapon
 z - 8 scrolls of teleportation
 F - 6 scrolls of blinking
 L - 4 scrolls of magic mapping
 N - 3 scrolls of enchant weapon
 P - 2 scrolls of holy word
 U - 2 scrolls of torment
 W - a scroll of silence
Potions
 b - 4 potions of cancellation
 g - a potion of haste
 h - 2 potions of ambrosia
 i - 2 potions of magic
 m - 6 potions of resistance
 o - 14 potions of curing
 s - 6 potions of mutation
 u - 4 potions of lignification
 G - 9 potions of heal wounds
 H - 2 potions of might
 K - 6 potions of flight
 R - a potion of berserk rage
 S - 2 potions of invisibility


   Skills:
 + Level 13.2 Fighting
 + Level 0.3(10.5) Short Blades
 + Level 16.2 Long Blades
 + Level 0.3(3.2) Axes
 + Level 5.7 Maces & Flails
 + Level 0.3(0.5) Polearms
 + Level 0.3(3.2) Staves
 + Level 0.2(0.5) Slings
 + Level 0.2 Bows
 + Level 0.2 Crossbows
 + Level 1.3 Throwing
 + Level 12.0 Armour
 + Level 5.8 Dodging
 + Level 3.1 Stealth
 + Level 13.8 Shields
 + Level 0.4 Unarmed Combat
 + Level 0.1 Spellcasting
 + Level 0.4 Conjurations
 + Level 0.2 Hexes
 + Level 0.2 Summonings
 + Level 0.3 Necromancy
 + Level 0.2 Translocations
 + Level 0.2 Transmutations
 + Level 0.4 Fire Magic
 + Level 0.2 Ice Magic
 + Level 0.2 Air Magic
 + Level 0.3 Earth Magic
 + Level 0.2 Poison Magic
 + Level 0.3 Invocations
 + Level 0.2 Evocations


You had 17 spell levels left.
You didn't know any spells.
Your spell library contained the following spells:

 Spells                   Type           Power      Damage    Failure   Level
 Beastly Appendage        Tmut           0%         N/A       100%        1
 Freeze                   Ice            0%         1d3       100%        1
 Magic Dart               Conj           4%         1d3       100%        1
 Sandblast                Erth           0%         2d4       100%        1
 Shock                    Conj/Air       0%         1d3       100%        1
 Blink                    Tloc           0%         N/A       100%        2
 Corpse Rot               Necr/Air       0%         N/A       100%        2
 Passwall                 Tmut/Erth      0%         N/A       100%        2
 Poisonous Vapours        Pois/Air       0%         N/A       100%        2
 Searing Ray              Conj           2%         2d4       100%        2
 Wereblood                Tmut           0%         N/A       100%        2
 Frozen Ramparts          Ice            0%         1d2       100%        3
 Gell's Gravitas          Tloc           0%         N/A       100%        3
 Ignite Poison            Fire/Tmut/Pois 0%         N/A       100%        3
 Inner Flame              Hex/Fire       0%         N/A       100%        3
 Lesser Beckoning         Tloc           0%         N/A       100%        3
 Mephitic Cloud           Conj/Pois/Air  0%         N/A       100%        3
 Ozocubu's Armour         Ice            0%         N/A       100%        3
 Spider Form              Tmut/Pois      0%         N/A       100%        3
 Stone Arrow              Conj/Erth      2%         3d7       100%        3
 Swiftness                Air            0%         N/A       100%        3
 Teleport Other           Tloc           0%         N/A       100%        3
 Tukima's Dance           Hex            0%         N/A       100%        3
 Airstrike                Air            0%         N/A       100%        4
 Animate Dead             Necr           0%         N/A       100%        4
 Cause Fear               Hex            0%         N/A       100%        4
 Dispel Undead            Necr           0%         3d6       100%        4
 Fulminant Prism          Conj/Hex       0%         3d6       100%        4
 Hailstorm                Conj/Ice       0%         3d3       100%        4
 Iskenderun's Mystic Bla  Conj/Tloc      0%         2d3       100%        4
 Olgreb's Toxic Radiance  Pois           0%         N/A       100%        4
 Passage of Golubria      Tloc           0%         N/A       100%        4
 Summon Lightning Spire   Summ/Air       0%         N/A       100%        4
 Fireball                 Conj/Fire      0%         3d3       100%        5
 Freezing Cloud           Conj/Ice/Air   0%         6-21      100%        5
 Manifold Assault         Tloc           0%         N/A       100%        5
 Metabolic Englaciation   Hex/Ice        0%         N/A       100%        5
 Yara's Violent Unravell  Hex/Tmut       0%         3d3       100%        5
 Death Channel            Necr           0%         N/A       100%        6
 Simulacrum               Ice/Necr       0%         N/A       100%        6
 Starburst                Conj/Fire      0%         6d3       100%        6
 Haunt                    Necr/Summ      0%         N/A       100%        7
 Ozocubu's Refrigeration  Ice            0%         4d5       100%        7
 Storm Form               Tmut/Air       0%         N/A       100%        7
 Discord                  Hex            0%         N/A       100%        8
 Ignition                 Fire           0%         3d3       100%        8
 Infestation              Necr           0%         N/A       100%        8
 Maxwell's Capacitive Co  Air            0%         ∞         100%        8
 Chain Lightning          Conj/Air       0%         N/A       100%        9
 Polar Vortex             Ice            0%         N/A       100%        9


Dungeon Overview and Level Annotations

Branches:
Dungeon (15/15)            Temple (0/1) D:6            Lair (6/6) D:9
  Swamp (0/4) Lair:2       Spider (3/4) Lair:2        Slime (0/5) Lair:5
    Orc (2/2) D:10            Elf (3/3) Orc:2        Vaults (0/5) D:13
 Depths (0/4) D:15          Sewer (visited)          Bailey (visited)
  IceCv (visited)

Altars:
Cheibriados
Kikubaaqudgha
Xom
Beogh
Jiyva

Shops:
D:4 *   D:6 [   D:9 *   D:14 (   Orc:1 !   Orc:2 ([*=

Annotations:
Elf:2 3 runed translucent doors


Innate Abilities, Weirdness & Mutations

You are too large for most types of armour.
You have claws for hands.
Your natural rate of healing is unusually fast.
You are covered in fur. (AC +1)
You have tough skin. (AC +1)
You have hoof-like feet.
You have a pair of small horns on your head.
You are mostly covered in iridescent scales. (AC +4)
You are agile. (Dex +2)
Your flesh is heat resistant. (rF+)
You passively map a small area around you.
You are resistant to electric shocks. (rElec)
Your spells are a little harder to cast, but a little more powerful.


Message History

Something bites you.
The broodmother is engulfed in seething chaos.
The broodmother seems to grow stronger.
The broodmother bites you but does no damage.
You feel yourself speed up.
The wolf spider is engulfed in seething chaos.
The wolf spider seems to grow stronger.
The wolf spider hits you.
The wolf spider bites you but does no damage.
The redback bites you but does no damage.
The wolf spider is engulfed in seething chaos.
The wolf spider suddenly seems more agile.
The wolf spider hits you! The wolf spider bites you.
The broodmother is engulfed in seething chaos.
The broodmother bites you!!
You feel yourself slow down.
The wolf spider is engulfed in seething chaos.
The orb spider is engulfed in seething chaos.
The orb spider pulsates with a strange energy.
The broodmother is engulfed in seething chaos.
The broodmother seems to slow down.
Xom is amused.
The broodmother hisses angrily.
The broodmother bites you!!
* * * LOW HITPOINT WARNING * * *
A spider bursts forth from the wound!
The wolf spider is engulfed in seething chaos.
The wolf spider hits you!!
* * * LOW HITPOINT WARNING * * *
Xom thinks this is hilarious!
The wolf spider bites you but does no damage.
Something bites you.
* * * LOW HITPOINT WARNING * * *
A spider bursts forth from the wound!
The culicivora hisses angrily.
You feel as though you will be slow longer.
The culicivora hisses angrily.
The tarantella hisses angrily.
The wolf spider is engulfed in seething chaos.
The wolf spider hits you!
You die...
Xom snickers!

.....##^...^.......^#
,,
###.##.......†>...##
, #####.#.^..†...##
*^ * ######..^#### ,,
##....[##, ,
#.....^## , , ,
##.sss^.# * ,
,,###ss.###, , *
#@†s..# #...sss#ss.#
,* , ##..ssss.>...^
####.s.s...^# ,
,##^.......# , ,
,.....##### ,, *
...... * * , .......
, , , ,


You could see a broodmother (strong, can't see you, very poisoned, slow), 4 wolf
spiders, 3 orb spiders, a culicivora (summoned, wandering, can't see you), 2
jumping spiders, a tarantella (summoned, wandering, can't see you) and 5
redbacks.

Vanquished Creatures
  Jorgrun (Spider:2)
  2 deep elf blademasters (Elf:3)
  Asterion (Elf:3)
  4 deep elf master archers
  2 orc warlords
  2 frost giants (IceCv)
  3 ghost moths
  A deep elf sorcerer (Elf:1)
  A deep elf elementalist (Elf:3)
  2 broodmothers (Spider:2)
  Nessos (Lair:5)
  An entropy weaver (Spider:3)
  3 deep elf demonologists
  A white draconian (IceCv)
  3 deep elf annihilators
  A spark wasp (Spider:2)
  10 deep elf death magi
  2 fire dragons
  4 deep elf high priests (Elf:3)
  5 ice dragons (IceCv)
  A vault guard (D:13)
  9 hydras
  5 boulder beetles
  8 ironbound frosthearts (IceCv)
  The ghost of Essalna the Thaumaturge, a journeyman DECj of Vehumet (D:11)
  Harold (Lair:2)
  An ogre mage (D:15)
  2 catoblepae
  8 centaur warriors
  2 jorogumos
  5 two-headed ogres
  A merfolk avatar (Lair:6)
  20 dancing weapons
  A death knight (D:15)
  4 death yaks
  Nergalle (Orc:2)
  4 deep elf knights
  An orc high priest (Orc:2)
  3 skeletal warriors (D:11)
  A storm dragon skeleton (D:14)
  A deep troll (D:9)
  A sea snake (shapeshifter) (Elf:2)
  A death drake (D:13)
  2 pharaoh ants (Spider:2)
  3 deep elf archers
  An orb spider (shapeshifter) (Lair:5)
  4 steelbarb worms (Spider:2)
  2 orb spiders
  A lindwurm (Lair:5)
  An orange crystal statue (IceCv)
  A bog body (Lair:2)
  A harpy (Lair:4)
  Pikel (D:6)
  A necromancer (D:14)
  19 deep elf zephyrmancers
  2 orc sorcerers (Orc:2)
  3 orc knights (Orc:2)
  20 deep elf pyromancers
  8 wolf spiders
  11 ugly things
  6 manticores
  5 cyclopes
  2 moths of wrath
  A manticore (shapeshifter) (D:14)
  2 elephants (Lair:6)
  Maurice (D:12)
  5 black mambas
  3 torpor snails
  2 gargoyles (D:12)
  A centaur skeleton (D:14)
  14 cane toads
  3 demonic crawlers
  8 komodo dragons
  A freezing wraith (D:14)
  14 rime drakes
  5 trolls
  A wolf spider simulacrum (D:14)
  3 meliai (Spider:2)
  6 polar bears
  12 tarantellas
  A wind drake (Lair:6)
  A harpy skeleton (D:14)
  A tyrant leech (D:15)
  A raiju (shapeshifter) (D:13)
  3 hornets
  10 blink frogs
  7 dream sheep (Lair:3)
  A snapping turtle (Lair:6)
  13 jumping spiders
  8 culicivoras
  2 shadows
  4 water elementals
  An air elemental (Elf:2)
  7 wyverns
  A wraith (D:12)
  2 basilisks
  24 yaks
  4 fire elementals
  2 hogs (shapeshifter)
  31 redbacks
  9 vampire mosquitoes
  A swamp worm (Lair:2)
  A steam dragon (Lair:4)
  3 acid dragons
  2 wargs (Orc:2)
  13 water moccasins
  A meliai simulacrum (D:10)
  2 black bears (D:9)
  28 orc warriors
  3 sky beasts
  2 ice beasts
  A hornet zombie (D:14)
  17 wolves
  3 boggarts (D:15)
  16 centaurs
  8 ogres
  A lemure (D:6)
  2 phantoms (D:5)
  10 bullfrogs
  5 kobold brigands
  4 earth elementals
  3 scorpions
  8 wights
  3 killer bees (D:11)
  3 electric eels
  3 howler monkeys (D:12)
  A lava snake (D:11)
  2 hounds
  4 jellies
  Crazy Yiuf (D:7)
  14 orc priests
  7 iguanas
  9 hell rats
  28 orc wizards
  Robin (D:3)
  A killer bee simulacrum (D:8)
  9 adders
  12 gnolls
  3 river rats (Sewer)
  A shadow imp (D:7)
  3 white imps
  2 ufetubi
  2 worms (Sewer)
  4 dart slugs
  76 orcs
  10 ball pythons
  4 bats (D:1)
  8 endoplasms
  12 giant cockroaches
  22 goblins
  12 hobgoblins
  2 jackals (D:3)
  2 quokkas
  3 frilled lizards
  35 kobolds
  10 rats
884 creatures vanquished.

Vanquished Creatures (collateral kills)
  An ogre (D:4)
  A bullfrog (D:9)
  A bat (D:3)
  3 goblins (D:3)
  A hobgoblin (D:4)
7 creatures vanquished.

Vanquished Creatures (others)
  2 polar bears (IceCv)
  A wolf (Lair:1)
  21 fungi
  44 plants
68 creatures vanquished.

Grand Total: 959 creatures vanquished

Notes
Turn   | Place    | Note
-------+----------+-------------------------------------------
     0 | D:1      | Jortsu the Troll Fighter began the quest for the Orb.
     0 | D:1      | Reached XP level 1. HP: 22/22 MP: 0/0
   106 | D:1      | Reached XP level 2. HP: 29/29 MP: 1/1
   402 | D:1      | Reached XP level 3. HP: 32/36 MP: 2/2
   618 | D:1      | Found a faded altar of an unknown god.
   622 | D:1      | Prayed at the altar of an unknown god.
   622 | D:1      | Became a worshipper of Xom of Chaos
   746 | D:2      | XOM: silly message
   887 | D:2      | XOM: divination: magic mapping
   977 | D:2      | XOM: divination: detect items
   986 | D:2      | XOM: silly message
  1069 | D:2      | Reached XP level 4. HP: 22/44 MP: 3/3
  1413 | D:3      | Noticed Robin
  1424 | D:3      | XOM: summons friendly quasit
  1437 | D:3      | Killed Robin
  1438 | D:3      | Reached XP level 5. HP: 53/53 MP: 4/4
  1452 | D:3      | XOM: give mutations
  1452 | D:3      | Gained mutation: You are robust. (+10% HP) [Xom's grace]
  1452 | D:3      | Gained mutation: Your system is resistant to poisons.
                  | (rPois) [Xom's grace]
  1452 | D:3      | Gained mutation: You have a pair of small horns on your
                  | head. [Xom's grace]
  1561 | D:3      | Found a glowing drain.
  1568 | D:3      | XOM: smoke on damage
  1598 | Sewer    | Entered a sewer
  1970 | Sewer    | Reached XP level 6. HP: 55/67 MP: 5/5
  2242 | Sewer    | Identified 2 scrolls of acquirement
  2242 | Sewer    | Acquired the amulet "Yskewkac" {RegenMP +Inv rPois Regen+
                  | Str+4}
  2244 | Sewer    | Acquired the +3 demon blade of Dominance {venom, rElec
                  | Int+4}
  2434 | D:3      | Found a snail-covered altar of Cheibriados.
  2450 | D:3      | XOM: divination: detect creatures
  2683 | D:4      | Reached XP level 7. HP: 72/74 MP: 6/6
  2724 | D:4      | Identified the +2 robe of the Hunter {Harm Str-2 Dex+3}
  2741 | D:4      | Found Nileomaka's General Store.
  2881 | D:4      | XOM: cast spell 'Call Canine Familiar'
  2893 | D:4      | XOM: noise
  2901 | D:4      | Reached skill level 1 in Long Blades
  3046 | D:4      | XOM: noise
  3284 | D:4      | XOM: polymorph ball python -> adder
  3296 | D:4      | XOM: summons 2 hostile shadow creatures
  3434 | D:5      | Entered Level 5 of the Dungeon
  3553 | D:5      | Reached skill level 2 in Long Blades
  3672 | D:5      | Reached skill level 3 in Long Blades
  3672 | D:5      | Reached XP level 8. HP: 85/85 MP: 7/7
  3799 | D:5      | XOM: 1-stop teleportation journey
  3801 | D:5      | XOM: summons 2 hostile demons
  4031 | D:5      | XOM: give mutations
  4031 | D:5      | Lost mutation: You are robust. (+10% HP) [Xom's mischief]
  4031 | D:5      | Gained mutation: You are weak. (Str -2) [Xom's mischief]
  4031 | D:5      | Gained mutation: You have hidden genetic potential. [Xom's
                  | mischief]
  4031 | D:5      | Gained mutation: You have great hidden genetic potential.
                  | [Xom's mischief]
  4128 | D:5      | Acquired 804 gold pieces
  4250 | D:5      | XOM: blink monster(s)
  4254 | D:5      | XOM: swap monsters
  4262 | D:5      | Reached skill level 4 in Long Blades
  4498 | D:6      | Noticed Pikel
  4501 | D:6      | XOM: enchant monster (good)
  4514 | D:6      | Killed Pikel
  4515 | D:6      | Reached skill level 1 in Stealth
  4520 | D:6      | Reached XP level 9. HP: 71/85 MP: 8/8
  4566 | D:6      | Reached skill level 5 in Long Blades
  4613 | D:6      | Found Ledghy's Antique Armour Boutique.
  4620 | D:6      | Gained mutation: You possess an exceptional clarity of
                  | mind. [hidden potential]
  4695 | D:6      | XOM: noise
  4723 | D:6      | XOM: give mutations
  4723 | D:6      | Gained mutation: You are frail. (-10% HP) [Xom's mischief]
  4723 | D:6      | Gained mutation: You are very weak. (Str -4) [Xom's
                  | mischief]
  4723 | D:6      | Gained mutation: You sometimes lose the ability to read
                  | scrolls when taking damage. [Xom's mischief]
  5014 | D:6      | Found a staircase to the Ecumenical Temple.
  5153 | D:6      | XOM: summons 5 hostile demons
  5172 | D:6      | XOM: polymorph shadow imp -> iron imp
  5256 | D:6      | Identified the +7 hunting sling of Incongruity {vorpal, rC+
                  | Stlth+}
  5320 | D:7      | Found a flagged portal.
  5330 | D:7      | XOM: 1-stop teleportation journey
  5384 | D:7      | XOM: fog
  5385 | D:7      | Reached skill level 5 in Dodging
  5388 | D:7      | XOM: summons 4 friendly demons
  5396 | D:7      | Reached skill level 6 in Long Blades
  5399 | D:7      | Reached skill level 5 in Fighting
  5400 | D:7      | XOM: potion effect (invisibility)
  5425 | Bailey   | Entered a bailey
  5430 | Bailey   | Noticed an orc warlord
  5508 | Bailey   | HP: 1/79 [orc warrior/+0 war axe (20)]
  5553 | Bailey   | Found a runed translucent gate.
  5553 | Bailey   | Found a runed translucent gate.
  5565 | Bailey   | Acquired a manual of Long Blades
  5572 | Bailey   | Found a runed translucent gate.
  5587 | Bailey   | Reached skill level 7 in Long Blades
  5678 | Bailey   | XOM: butterfly on damage
  5736 | Bailey   | Killed an orc warlord
  5737 | Bailey   | Reached skill level 5 in Shields
  5737 | Bailey   | Reached XP level 10. HP: 55/86 MP: 9/9
  5750 | Bailey   | Gained mutation: You have large cloven feet. [hidden
                  | potential]
  5750 | Bailey   | Lost mutation: You have great hidden genetic potential.
                  | [hidden potential expressed]
  5768 | Bailey   | Identified the +0 scale mail "Neblott" {Int-5 Slay+5}
  5777 | Bailey   | Identified the +10 lajatang of a Gauntlet {venom, Str+4}
  5781 | Bailey   | Acquired the +6 gold dragon scales of the Skies Above
                  | {rPois rF+ rC+ rN++ rCorr Int+2 Slay+3}
  6013 | D:7      | Reached skill level 8 in Long Blades
  6022 | D:7      | XOM: give mutations
  6022 | D:7      | Gained mutation: You are clumsy. (Dex -2) [Xom's mischief]
  6022 | D:7      | Lost mutation: You sometimes lose the ability to read
                  | scrolls when taking damage. [Xom's mischief]
  6045 | D:7      | XOM: polymorph orc warrior -> shapeshifter
  6159 | D:7      | Found a runed translucent door.
  6160 | D:7      | Noticed Crazy Yiuf
  6166 | D:7      | Killed Crazy Yiuf
  6274 | D:7      | XOM: god gift: 969 gold pieces
  6388 | D:7      | XOM: scenery: summon butterflies
  6435 | D:7      | XOM: scenery: create altars
  6644 | D:8      | Reached skill level 1 in Armour
  7011 | D:9      | Reached skill level 9 in Long Blades
  7011 | D:9      | XOM: summons friendly soul eater
  7052 | D:9      | XOM: scenery: summon butterflies
  7115 | D:9      | Found Ledghy's Mass Market.
  7119 | D:9      | Noticed Grum
  7122 | D:9      | Noticed Grum
  7122 | D:9      | Grum changed into Grum the iguana
  7122 | D:9      | XOM: polymorph Grum -> Grum the iguana
  7132 | D:9      | XOM: scenery: create altars
  7139 | D:9      | Killed Grum the iguana
  7165 | D:9      | XOM: destruction
  7168 | D:9      | Reached skill level 10 in Long Blades
  7256 | D:9      | Found a staircase to the Lair.
  7332 | D:9      | XOM: give mutations
  7332 | D:9      | Lost mutation: You are very weak. (Str -4) [Xom's grace]
  7332 | D:9      | Gained mutation: You have hoof-like feet. [Xom's grace]
  7332 | D:9      | Gained mutation: Your flesh is cold resistant. (rC+) [Xom's
                  | grace]
  7332 | D:9      | Gained mutation: You have great hidden genetic potential.
                  | [Xom's grace]
  7402 | D:9      | Noticed a deep troll
  7403 | D:9      | Found the necklace of Bloodlust {*Rage Will++ Int-3 Slay+6}
  7409 | D:9      | Killed a deep troll
  7410 | D:9      | Reached XP level 11. HP: 51/94 MP: 10/10
  7459 | D:9      | XOM: cloud trail
  7543 | D:9      | XOM: give mutations
  7543 | D:9      | Gained mutation: You are partially covered in iridescent
                  | scales. (AC +2) [Xom's grace]
  7543 | D:9      | Gained mutation: You are resistant to electric shocks.
                  | (rElec) [Xom's grace]
  7543 | D:9      | Lost mutation: You are clumsy. (Dex -2) [Xom's grace]
  7549 | D:10     | Entered Level 10 of the Dungeon
  7549 | D:10     | Found a staircase to the Orcish Mines.
  7614 | D:10     | Gained mutation: You have a pair of horns on your head.
                  | [hidden potential]
  7694 | D:10     | XOM: divination: magic mapping
  7992 | D:11     | XOM: silly message
  8000 | D:11     | XOM: potion effect (brilliance)
  8066 | D:11     | Reached skill level 11 in Long Blades
  8215 | D:11     | Found a runed translucent door.
  8218 | D:11     | Noticed Essalna's ghost (journeyman DECj)
  8250 | D:11     | Killed Essalna's ghost
  8301 | D:11     | XOM: silly message
  8307 | D:11     | Noticed a skeletal warrior
  8308 | D:11     | Noticed a skeletal warrior
  8323 | D:11     | Killed a skeletal warrior
  8324 | D:11     | XOM: potion effect (haste)
  8330 | D:11     | HP: 2/96 [skeletal warrior/+0 scimitar[a skeletal warrior]
                  | (19)]
  8331 | D:11     | Killed a skeletal warrior
  8447 | D:11     | Noticed a skeletal warrior
  8451 | D:11     | Noticed a seven-headed hydra
  8459 | D:11     | Killed a skeletal warrior
  8464 | D:11     | HP: 3/96 [seven-headed hydra (6)]
  8722 | D:11     | Killed a seven-headed hydra
  8854 | D:11     | Found an ancient bone altar of Kikubaaqudgha.
  8935 | D:11     | XOM: silly message
  9080 | D:12     | Noticed Maurice
  9089 | D:12     | XOM: potion effect (berserk rage)
  9092 | D:12     | XOM: divination: detect creatures
  9095 | D:12     | Killed Maurice
  9103 | D:12     | XOM: silly message
  9113 | D:12     | Reached skill level 12 in Long Blades
  9344 | D:12     | XOM: noise
  9367 | D:12     | Noticed a deep elf pyromancer
  9370 | D:12     | Killed a deep elf pyromancer
  9510 | D:12     | XOM: cast spell 'Summon Small Mammal'
  9515 | D:12     | Reached XP level 12. HP: 82/106 MP: 11/11
  9519 | D:12     | Reached skill level 5 in Armour
  9523 | D:12     | Gained mutation: Your flesh is heat resistant. (rF+)
                  | [hidden potential]
  9523 | D:12     | Lost mutation: You have great hidden genetic potential.
                  | [hidden potential expressed]
 10372 | Lair:1   | Entered Level 1 of the Lair of Beasts
 10447 | Lair:1   | XOM: divination: detect items
 10497 | Lair:1   | XOM: enchant monster (good)
 10555 | Lair:1   | XOM: noise
 10556 | Lair:1   | XOM: noise
 10846 | Lair:1   | Reached skill level 13 in Long Blades
 11142 | Lair:2   | XOM: divination: magic mapping
 11213 | Lair:2   | XOM: silly message
 11376 | Lair:2   | Found a hole to the Spider Nest.
 11486 | Lair:2   | XOM: cloud trail
 11497 | Lair:2   | XOM: potion effect (berserk rage)
 11622 | Lair:2   | Noticed Harold
 11628 | Lair:2   | Killed Harold
 11709 | Lair:2   | Found a staircase to the Swamp.
 12110 | Lair:2   | XOM: scenery: summon butterflies
 12160 | Lair:3   | Noticed a five-headed hydra
 12173 | Lair:3   | Killed a five-headed hydra
 12249 | Lair:3   | XOM: confuse monster(s)
 12255 | Lair:3   | Reached skill level 5 in Maces & Flails
 12411 | Lair:3   | Noticed a death yak
 12417 | Lair:3   | XOM: summons 12 friendly demons
 12426 | Lair:3   | Killed a death yak
 12495 | Lair:3   | Noticed a four-headed hydra
 12503 | Lair:3   | Killed a four-headed hydra
 12588 | Lair:3   | XOM: enchant monster (bad)
 12594 | Lair:3   | XOM: god gift: potion of magic
 12596 | Lair:3   | Reached XP level 13. HP: 69/114 MP: 12/12
 12658 | Lair:3   | XOM: summons friendly iron imp
 12665 | Lair:3   | XOM: summons friendly white imp
 12665 | Lair:3   | Gained mutation: You are agile. (Dex +2) [hidden potential]
 12667 | Lair:3   | XOM: enchant monster (good)
 12858 | Lair:3   | XOM: 2-stop teleportation journey
 13327 | Lair:4   | XOM: swap monsters
 13526 | Lair:4   | XOM: polymorph yak -> harpy
 13538 | Lair:4   | XOM: potion effect (invisibility)
 13629 | Lair:4   | Identified the +2 robe "Ceiwulot" {-Cast Rampage +Inv
                  | Regen+}
 14187 | Lair:5   | XOM: scenery: summon butterflies
 14191 | Lair:5   | XOM: enchant monster (bad)
 14222 | Lair:5   | XOM: polymorph komodo dragon -> glowing shapeshifter
 14548 | Lair:5   | XOM: enchant monster (bad)
 14580 | Lair:5   | Noticed Nessos
 14588 | Lair:5   | XOM: give mutations
 14588 | Lair:5   | Lost mutation: You are frail. (-10% HP) [Xom's mischief]
 14588 | Lair:5   | Lost mutation: You have a pair of horns on your head.
                  | [Xom's mischief]
 14588 | Lair:5   | Lost mutation: You have a pair of small horns on your head.
                  | [Xom's mischief]
 14588 | Lair:5   | Gained mutation: You are mostly covered in iridescent
                  | scales. (AC +4) [Xom's mischief]
 14593 | Lair:5   | Killed Nessos
 14604 | Lair:5   | XOM: silly message
 14683 | Lair:5   | Found a runed translucent door.
 14683 | Lair:5   | Found a viscous altar of Jiyva.
 14683 | Lair:5   | Found a staircase to the Slime Pits.
 14919 | Lair:5   | XOM: give mutation
 14919 | Lair:5   | Lost mutation: You have hidden genetic potential. [Xom's
                  | mischief]
 15070 | Lair:6   | Entered Level 6 of the Lair of Beasts
 15115 | Lair:6   | XOM: 7-stop teleportation journey
 15134 | Lair:6   | XOM: god gift: sapphire ring {god gift}
 15152 | Lair:6   | Reached skill level 14 in Long Blades
 15234 | Lair:6   | XOM: summons 3 friendly demons
 15243 | Lair:6   | XOM: enchant monster (good)
 15315 | Lair:6   | XOM: snakes to sticks
 15334 | Lair:6   | XOM: noise
 15350 | Lair:6   | XOM: enchant monster (bad)
 15534 | Lair:6   | Identified the +4 kite shield "Ulatoc" {MP+9 Slay+4}
 15551 | Lair:6   | Identified the +5 rapier of Success {freeze, Str-3 Int+6
                  | Dex+8}
 15596 | Lair:6   | XOM is BORED!
 15596 | Lair:6   | XOM: noise
 15660 | Lair:6   | Reached XP level 14. HP: 134/140 MP: 13/13
 15667 | Lair:6   | XOM: 10-stop teleportation journey
 15821 | Lair:6   | XOM: god gift: 44 gold pieces
 15866 | Lair:6   | XOM: summons friendly quasit
 16236 | Lair:6   | XOM: god gift: ebony halberd {god gift}
 16236 | Lair:6   | Identified the +8 halberd of the Key {chaos, rF++} (Xom
                  | gifted it to you on level 6 of the Lair of Beasts)
 16414 | Orc:1    | Entered Level 1 of the Orcish Mines
 16557 | Orc:1    | Found Sanopnao's Distillery.
 16589 | Orc:1    | Bought a potion of heal wounds for 65 gold pieces
 16589 | Orc:1    | Bought a potion of mutation for 104 gold pieces
 16589 | Orc:1    | Bought a potion of haste for 130 gold pieces
 16705 | Orc:2    | Entered Level 2 of the Orcish Mines
 16816 | Orc:2    | XOM: 1-stop teleportation journey
 16830 | Orc:2    | Noticed an orc warlord
 16844 | Orc:2    | XOM: divination: detect items
 16853 | Orc:2    | Found a staircase to the Elven Halls.
 16860 | Elf:1    | Entered Level 1 of the Elven Halls
 16861 | Elf:1    | XOM: noise
 16864 | Elf:1    | XOM: confuse monster(s)
 16866 | Elf:1    | XOM: smoke on damage
 16880 | Elf:1    | Reached skill level 10 in Shields
 17128 | Orc:2    | Noticed Nergalle
 17140 | Orc:2    | Killed Nergalle
 17235 | Orc:2    | Reached skill level 10 in Fighting
 17309 | Orc:2    | XOM: confuse monster(s)
 17340 | Orc:2    | Killed an orc warlord
 17378 | Orc:2    | XOM: give mutation
 17378 | Orc:2    | Lost mutation: Your flesh is cold resistant. (rC+) [Xom's
                  | mischief]
 17389 | Orc:2    | Found Poitueto's Antique Weapon Shoppe.
 17414 | Orc:2    | Found Urghoh's Antique Armour Shoppe.
 17420 | Orc:2    | Bought an embroidered cloak for 195 gold pieces
 17525 | Orc:2    | Found Bealuh's Jewellery Shoppe.
 17554 | Orc:2    | Found Leator's General Store.
 17560 | Orc:2    | Bought a scroll of teleportation for 45 gold pieces
 17560 | Orc:2    | Bought a potion of flight for 45 gold pieces
 17943 | D:13     | XOM: enchant monster (bad)
 18117 | D:13     | XOM: swap monsters
 18127 | D:13     | XOM: divine lightning
 18187 | D:13     | Found a gate to the Vaults.
 18188 | D:13     | XOM: summons friendly white imp
 18311 | D:13     | XOM: summons 6 hostile demons
 18330 | D:13     | XOM: polymorph cyclops -> death drake
 18483 | D:14     | Found a frozen archway.
 18497 | IceCv    | Entered an ice cave
 18521 | IceCv    | XOM: potion effect (berserk rage)
 18529 | IceCv    | XOM: divine lightning
 18532 | IceCv    | XOM: enchant monster (good)
 18539 | IceCv    | XOM: fake destruction
 18596 | IceCv    | XOM: divine lightning
 18770 | IceCv    | XOM: cast spell 'Metabolic Englaciation'
 18781 | IceCv    | XOM: stat loss: -1 Int (6/7)
 18788 | IceCv    | XOM: cleaving
 18798 | IceCv    | XOM: polymorph rime drake -> hornet
 18802 | IceCv    | XOM: blink monster(s)
 18861 | IceCv    | XOM: fake destruction
 18866 | IceCv    | Reached XP level 15. HP: 131/152 MP: 14/14
 18933 | IceCv    | Noticed a frost giant
 18933 | IceCv    | Noticed a frost giant
 18954 | IceCv    | Killed a frost giant
 18958 | IceCv    | Killed a frost giant
 18980 | IceCv    | Reached skill level 15 in Long Blades
 19058 | IceCv    | Identified the ring "Nemafes" {rElec rPois rF+ rC+ Will++}
 19558 | D:14     | XOM: fake destruction
 19649 | D:14     | XOM: smoke on damage
 19955 | D:14     | XOM: silly message
 20010 | D:14     | XOM: divination: magic mapping
 20129 | D:14     | Found Esuysait's Weapon Emporium.
 20136 | D:14     | XOM: silly message
 20277 | D:15     | Entered Level 15 of the Dungeon
 20431 | D:15     | XOM: 4-stop teleportation journey
 20495 | D:15     | XOM: smoke on damage
 20496 | D:15     | XOM: polymorph fire dragon -> tyrant leech
 20502 | D:15     | Found a staircase to the Depths.
 20592 | D:15     | XOM: give mutations
 20592 | D:15     | Lost mutation: Your system is resistant to poisons. (rPois)
                  | [Xom's mischief]
 20592 | D:15     | Lost mutation: You possess an exceptional clarity of mind.
                  | [Xom's mischief]
 20828 | D:15     | XOM: blink monster(s)
 21105 | D:15     | XOM: potion effect (curing)
 21111 | D:15     | XOM: silly message
 21119 | D:15     | Reached skill level 1 in Throwing
 21123 | D:15     | XOM: summons 8 hostile demons
 21338 | D:15     | Found a portal to a secret trove of treasure.
 21346 | Trove    | Entered a treasure trove
 21349 | Trove    | Found the +10 tower shield of Ignorance {rN+ Int-4}
 21350 | Trove    | Found the +3 crown of Dyrovepreva {rElec Int+2 SInv}
 21353 | Trove    | Identified the +2 cloak "Nonucof" {rElec rF+ Str+5 Stlth-}
 21355 | Trove    | Identified the +1 hat of Vanity {Harm rCorr Str-4}
 21356 | Trove    | Identified the +4 kite shield "Mepseilo" {rCorr Dex+9}
 21358 | Trove    | Identified the +2 animal skin "Pabbiarigg" {*Slow Regen+
                  | Dex+5 SInv}
 21361 | Trove    | Identified the quicksilver dragon scales of the Pirate
                  | {rPois rF+ Will+ Str+5 Dex-3}
 21364 | Trove    | Identified the +1 hat of the Loofah {+Inv Slay+3 Stlth+}
 21365 | Trove    | Identified the +6 gold dragon scales "Verghunte" {Harm
                  | rPois rF+ rC+ Dex+2}
 21648 | Elf:1    | XOM: 2-stop teleportation journey
 21907 | Elf:1    | XOM: divination: detect items
 21935 | Elf:1    | XOM: divination: magic mapping
 22007 | Elf:1    | XOM: confusion (+ monsters)
 22075 | Elf:1    | XOM: divination: magic mapping
 22091 | Elf:1    | Reached skill level 10 in Armour
 22353 | Elf:1    | XOM: noise
 22356 | Elf:1    | Noticed a deep elf sorcerer
 22361 | Elf:1    | Killed a deep elf sorcerer
 22362 | Elf:1    | Reached XP level 16. HP: 124/165 MP: 15/15
 22379 | Elf:1    | Got Cydoda's Handbook of Combat Magic
 22611 | Elf:2    | XOM: summons 5 friendly demons
 22900 | Elf:2    | XOM: fake destruction
 22904 | Elf:2    | XOM: destruction
 23002 | Elf:2    | XOM: god gift: 967 gold pieces
 23176 | Elf:2    | XOM: divination: magic mapping
 23224 | Elf:2    | XOM: potion effect (might)
 23243 | Elf:2    | XOM: silly message
 23286 | Elf:2    | Found a runed translucent gate.
 23287 | Elf:2    | Found a runed translucent gate.
 23287 | Elf:2    | Found a runed translucent gate.
 23362 | Elf:2    | XOM: divination: detect items
 23445 | Elf:3    | Entered Level 3 of the Elven Halls
 23479 | Elf:3    | Noticed a deep elf blademaster
 23487 | Elf:3    | Killed a deep elf blademaster
 23501 | Elf:3    | Noticed a Brimstone Fiend
 23728 | Elf:3    | XOM: chaos upgrade
 23763 | Elf:3    | Noticed a deep elf blademaster
 23772 | Elf:3    | XOM: cast spell 'Call Canine Familiar'
 23775 | Elf:3    | Killed a deep elf blademaster
 23827 | Elf:3    | XOM: enchant monster (good)
 23844 | Elf:3    | Noticed a deep elf master archer
 23851 | Elf:3    | XOM: noise
 24000 | Elf:3    | XOM: summons friendly white imp
 24055 | Elf:2    | XOM: enchant monster (good)
 24085 | Elf:2    | Noticed an Executioner
 24199 | Elf:3    | XOM: polymorph deep elf demonologist -> jorogumo
 24353 | Elf:2    | XOM: divine lightning
 24356 | Elf:2    | Killed a deep elf master archer
 24388 | Elf:3    | XOM: smoke on damage
 24396 | Elf:3    | Noticed a deep elf master archer
 24412 | Elf:3    | Killed a deep elf master archer
 24500 | Elf:3    | Identified the +4 battleaxe of Agony {vorpal, Int+3}
 24500 | Elf:3    | Identified the amulet "Wonkuh" {Faith rF- rC++ Stlth+}
 24500 | Elf:3    | Found the +2 shield of Resistance {rF++ rC++ Will++}
 24500 | Elf:3    | XOM: 7-stop teleportation journey
 24540 | Elf:3    | XOM: 1-stop teleportation journey
 24580 | Elf:3    | Noticed a deep elf master archer
 24581 | Elf:3    | Noticed a deep elf master archer
 24591 | Elf:3    | Killed a deep elf master archer
 24605 | Elf:3    | Killed a deep elf master archer
 24674 | Elf:3    | Noticed an Ice Fiend
 24678 | Elf:3    | Noticed an Ice Fiend
 24684 | Elf:3    | XOM: butterfly on damage
 24731 | Elf:3    | XOM: scenery: create altars
 24872 | Elf:3    | XOM: enchant monster (good)
 24891 | Elf:3    | XOM: fog
 24948 | Elf:3    | Got the Almanac of the Flying Voyage
 24949 | Elf:3    | Identified the +8 plate armour of the Saviour {rElec Dex+5}
 24980 | Elf:3    | XOM: noise
 24983 | Elf:3    | XOM: enchant monster (bad)
 24984 | Elf:3    | Noticed an Ice Fiend
 25018 | Elf:3    | Identified the amulet "Unitiros" {Reflect rPois Regen+
                  | SH+5}
 25029 | Elf:3    | Reached XP level 17. HP: 174/174 MP: 16/16
 25264 | Elf:3    | Noticed Asterion
 25273 | Elf:3    | XOM: enchant monster (bad)
 25276 | Elf:3    | Killed Asterion
 25329 | Elf:3    | XOM: stat loss: -1 Int (9/10)
 25555 | Elf:3    | XOM: silly message
 25924 | Orc:2    | XOM: god gift: scroll of vulnerability
 25968 | D:9      | XOM: give mutations
 25968 | D:9      | Gained mutation: Your spells are a little harder to cast,
                  | but a little more powerful. [Xom's grace]
 25968 | D:9      | Lost mutation: You are weak. (Str -2) [Xom's grace]
 25968 | D:9      | Gained mutation: You passively map a small area around you.
                  | [Xom's grace]
 25968 | D:9      | Gained mutation: You have a pair of small horns on your
                  | head. [Xom's grace]
 26034 | Spider:1 | Entered Level 1 of the Spider Nest
 26095 | Spider:1 | Reached skill level 16 in Long Blades
 26115 | Spider:1 | XOM: confuse monster(s)
 26130 | Spider:1 | Reached XP level 18. HP: 184/184 MP: 17/17
 26929 | Spider:2 | XOM: 2-stop teleportation journey
 26955 | Spider:2 | Noticed Jorgrun
 26967 | Spider:2 | XOM: confuse monster(s)
 26973 | Spider:2 | Killed Jorgrun
 27041 | Spider:2 | XOM: 1-stop teleportation journey
 27185 | Spider:2 | XOM: blink monster(s)
 27940 | Spider:3 | XOM: noise
 27950 | Spider:3 | XOM: enchant monster (bad)
 27969 | Spider:3 | XOM: chaos cloud
 27975 | Spider:3 | Paralysed by you for 7 turns
 27978 | Spider:3 | HP: 6/185 [wolf spider[a broodmother] (25)]
 27978 | Spider:3 | HP: 1/185 [something (5)]
 27979 | Spider:3 | Slain by a wolf spider

Illustrated notes

Levels and vault maps discovered:
D:1:      minmay_arrival_loop, layout_rooms, shapermc_ecumenical_altar_petra
D:2:      layout_loops_cross
D:3:      layout_basic, kennysheep_slug_shrine, portal_sewer_entry_f, uniq_robin
D:4:      layout_basic, serial_shops, nicolae_shop_crystal,
          kennysheep_generic_room_16
D:5:      layout_cave_pods
D:6:      layout_loops_corners, minmay_temple_entry_poolview, serial_shops,
          nicolae_shop_trees, uniq_pikel
D:7:      layout_basic, enter_bailey_5, uniq_crazy_yiuf_cottage
D:8:      layout_rooms, kennysheep_just_a_vault
D:9:      layout_cave_pools, grunt_lair_entry_orc_guard_hut, minmay_shop_mass,
          hellmonk_guarded_unrand_vitality_bloodlust, uniq_grum
D:10:     layout_rooms, orc_0_dummy
D:11:     layout_cross, hellmonk_ghost_happy_afterlife, nicolae_lava_and_water,
          nicolae_kikubaaqudgha_miasma_corner
D:12:     layout_basic, uniq_maurice
D:13:     layout_basic, david_vaults_5
D:14:     layout_grid_maze, portal_ice_cave_entry_pillars_2, serial_shops, shop
D:15:     grunt_enter_depths_hoard, layout_basic, enter_trove_2, minivault_25
Lair:1:   layout_regular_city, grunt_megastairs_1, infiniplex_staircase_pool_2,
          serial_bayou_shore_b, serial_bayou_shore_b
Lair:2:   hellmonk_destroyed_diamonds, layout_long_grid,
          nicolae_swamp_entry_splash_gauntlet, spider_nest_entry_webs,
          uniq_harold
Lair:3:   layout_cave_pods
Lair:4:   layout_cellular_growth
Lair:5:   layout_cave_pods, slime_altar_2, uniq_nessos
Lair:6:   gammafunk_lair_ancient_temple, layout_long_grid, patterned_corridor,
          serial_bayou_shore_a
Spider:1: layout_spider_delve, guppyfry_spider_mini_1
Spider:2: layout_spider_delve, uniq_jorgrun
Spider:3: layout_spider_delve
Orc:1:    layout_diamond_mine, serial_shops, nicolae_shop_advertising_works
          [nicolae_subvault_shop_adworks]
Orc:2:    grunt_orc_cross, layout_diamond_mine, basic_altar
Elf:1:    elf_arrival_002, layout_rooms, minmay_elf_annihilation,
          nicolae_elf_stone_circles
Elf:2:    nicolae_elf_blades_crystal_corner, layout_onion_city,
          dreamdust_wishing_well, small_statue_intersection
Elf:3:    minmay_elf_hall_circle, layout_geoelf_diagonals, st_stairs_13,
          uniq_asterion

Skill      XL: |  1  2  3  4  5  6  7  8  9 10 11 12 13 14 15 16 17 18 |
---------------+-------------------------------------------------------+-----
Maces & Flails | 2 3 4 5 |  5.7
Dodging        | 3 4 5 |  5.8
Shields        | 3 4 5 6 7 8 9 11 12 13 | 13.8
Fighting       | 3 4 5 6 7 8 9 10 11 12 13 | 13.2
Long Blades    | 3 4 7 10 12 13 14 15 16 | 16.2
Stealth        | 1 2 3 |  3.1
Armour         | 2 4 6 7 8 10 11 12 | 12.0
Throwing       | 1 |  1.3
Short Blades   | |  0.3
Axes           | |  0.3
Polearms       | |  0.3
Staves         | |  0.3
Slings         | |  0.2
Bows           | |  0.2
Crossbows      | |  0.2
Unarmed Combat | |  0.4
Spellcasting   | |  0.1
Conjurations   | |  0.4
Hexes          | |  0.2
Summonings     | |  0.2
Necromancy     | |  0.3
Translocations | |  0.2
Transmutations | |  0.2
Fire Magic     | |  0.4
Ice Magic      | |  0.2
Air Magic      | |  0.2
Earth Magic    | |  0.3
Poison Magic   | |  0.2
Invocations    | |  0.3
Evocations     | |  0.2

Action                   |  1- 3 |  4- 6 |  7- 9 | 10-12 | 13-15 | 16-18 || total
-------------------------+-------+-------+-------+-------+-------+-------++-------
Melee: Flail             |   134 |   219 |       |       |       |       ||   353
       Headbutt          |       |    21 |    71 |    89 |    29 |    81 ||   291
       Demon blade       |       |    29 |   324 |   437 |   894 |   586 ||  2270
       Kick              |       |       |       |   159 |   390 |   229 ||   778
       Giant spiked club |       |       |       |    21 |       |       ||    21
Throw: Large rock        |     4 |       |       |     2 |     7 |       ||    13
  Use: Scroll            |     3 |     7 |     9 |    16 |     9 |     4 ||    48
       Potion            |       |       |     3 |       |     3 |     3 ||     9
 Stab: Petrified         |       |       |     8 |       |       |       ||     8
       Confused          |       |       |     1 |       |     2 |     2 ||     5
       Invisible         |       |       |     2 |       |     1 |       ||     3
       Petrifying        |       |       |       |       |     2 |       ||     2
       Sleeping          |       |       |       |       |     1 |       ||     1
       Paralysed         |       |       |       |       |       |     3 ||     3
Armor: Robe              |    76 |    95 |    95 |     1 |       |       ||   267
       Gold dragon scale |       |       |       |   395 |   574 |   368 ||  1337
Dodge: Dodged            |    77 |   116 |   155 |    49 |   141 |    73 ||   611
Block: Kite shield       |    80 |   100 |   153 |    90 |   504 |   491 ||  1418
       Tower shield      |       |       |       |   206 |   141 |       ||   347

Table legend: (Time is in decaauts)
 A = Elapsed time spent in this place.
 B = Non-inter-level travel time spent in this place.
 C = Inter-level travel time spent in this place.
 D = Time resting spent in this place.
 E = Time spent auto-exploring this place.
 F = Levels seen in this place.
 G = Mean time per level.
                   A        B        C        D        E       F      G
               +--------+--------+--------+--------+--------+-----+--------+
         Total |  28224 |  26690 |   1534 |   3001 |  15317 |  33 |  855.3 |
       Dungeon |  12328 |  11632 |    696 |    548 |   7647 |  15 |  821.9 |
          Lair |   6067 |   5682 |    385 |    296 |   4208 |   6 | 1011.2 |
   Spider Nest |   1867 |   1855 |     12 |    621 |    688 |   3 |  622.3 |
  Orcish Mines |   1329 |   1200 |    129 |     28 |    647 |   2 |  664.5 |
   Elven Halls |   4450 |   4140 |    310 |   1361 |   1349 |   3 | 1483.3 |
         Trove |     74 |     74 |      0 |      0 |      0 |   1 |   74.0 |
         Sewer |    874 |    874 |      0 |      0 |    497 |   1 |  874.0 |
        Bailey |    409 |    409 |      0 |     32 |      0 |   1 |  409.0 |
      Ice Cave |    822 |    822 |      0 |    113 |    279 |   1 |  822.0 |
               +--------+--------+--------+--------+--------+-----+--------+

Top non-repeatable levels by time:
   Elf:2: 1722 daAuts
   Elf:3: 1597 daAuts
    D:12: 1478 daAuts
  Lair:6: 1209 daAuts
   Elf:1: 1130 daAuts
Spider:2: 1120 daAuts
    D:15: 1118 daAuts
  Lair:2: 1093 daAuts
  Lair:3: 1050 daAuts
     D:5: 1002 daAuts
    D:14: 999 daAuts
   Orc:2: 986 daAuts
     D:4: 981 daAuts
  Lair:4: 979 daAuts
  Lair:5: 911 daAuts
